 Dungeon Crawl Stone Soup version 0.30-b1-2-g02819fbbbe (webtiles) character file.

Game seed: 14766967349392709879

200 Mesmaeker13 the Magician (level 5, -5/28 HPs)
             Began as a Deep Elf Air Elementalist on May 23, 2023.
             Killed by nerve-wracking pain
             ... invoked by an orc priest
              (11 damage)
             ... on level 4 of the Dungeon.
             The game lasted 00:06:20 (4070 turns).

Mesmaeker13 the Magician (DEAE)                     Turns: 4070, Time: 00:06:20

Health: -5/28      AC:  3    Str:  5    XL:     5   Next: 49%
Magic:  7/13       EV: 13    Int: 22    God:
Gold:   160        SH:  0    Dex: 15    Spells: 7/13 levels left

rFire   . . .        g - +0 dagger
rCold   . . .        (no shield)
rNeg    . . .        a - +0 robe
rPois   .            r - +0 helmet
rElec   .            (no cloak)
rCorr   .            (no gloves)
SInv    .            (no boots)
Will    .....        (no amulet)
Stlth   ++           h - ring of wizardry
HPRegen 0.24/turn    (no ring)
MPRegen 0.13/turn

%: wizardry (x1)
@: lethally poisoned (-5 -> -7)
A: no striking features
a: no special abilities


You were on level 4 of the Dungeon.
You visited 1 branch of the dungeon, and saw 4 of its levels.

You collected 160 gold pieces.

Inventory:

Hand Weapons
 g - a +0 dagger (weapon)
Armour
 a - a +0 robe (worn)
 q - the +0 leather armour of Vlad {*Corrode rN++ Str+2 SInv}
   (You found it on level 3 of the Dungeon)

   Str:       It affects your strength (+2).
   rN:        It greatly protects you from negative energy.
   SInv:      It lets you see invisible.
   *Corrode:  It may corrode you when you take damage.
 r - a +0 helmet (worn)
Magical Staves
 o - a staff of fire
Jewellery
 h - a ring of wizardry (left hand)
Scrolls
 c - a scroll of fear {unknown}
 e - a scroll of immolation {unknown}
 f - 3 scrolls of poison
 i - a scroll of blinking
 j - 3 scrolls of fog
 k - a scroll of enchant armour {unknown}
 l - a scroll of amnesia {unknown}
 p - a scroll of identify {unknown}
Potions
 b - a potion of magic
 d - 2 potions of mutation {unknown}
 m - a potion of brilliance {unknown}
 n - a potion of curing {unknown}
 s - a potion of lignification {unknown}


   Skills:
 + Level 4.0 Dodging
 - Level 2.6 Stealth
 + Level 4.6 Spellcasting
 + Level 3.1 Conjurations
 + Level 4.0 Air Magic


You had 7 spell levels left.
You knew the following spells:

 Your Spells              Type           Power      Damage    Failure   Level
a - Shock                 Conj/Air       80%        1d8       1%          1
b - Static Discharge      Conj/Air       40%        2-4/arc   1%          2
c - Swiftness             Air            22%        N/A       2%          3

Your spell library contained the following spells:

 Spells                   Type           Power      Damage    Failure   Level
 Apportation              Tloc           10%        N/A       4%          1
 Necrotise                Necr           20%        1d5       4%          1
 Summon Small Mammal      Summ           20%        N/A       4%          1
 Blink                    Tloc           10%        N/A       6%          2
 Airstrike                Air            11%        2d(2-18)  9%          4
 Summon Guardian Golem    Hex/Summ       5%         N/A       13%         3
 Manifold Assault         Tloc           5%         N/A       38%         4
 Passage of Golubria      Tloc           5%         N/A       38%         4
 Silence                  Hex/Air        6%         N/A       45%         5
 Orb of Destruction       Conj           9%         9d6       100%        7
 Spellforged Servitor     Conj/Summ      5%         N/A       100%        7
 Storm Form               Tmut/Air       6%         N/A       100%        7
 Lehudib's Crystal Spear  Conj/Erth      5%         10d3      100%        8


Dungeon Overview and Level Annotations

Branches:
Dungeon (4/15)
 Temple: D:4-7

Altars:


Message History

The orc priest is struck by an arc of lightning.
The orc priest is severely wounded.
The lightning grounds out.
The orc shouts!
The orc priest shouts!
You feel sick.
The orc priest calls upon Beogh to heal the orc priest.
The orc priest is healed somewhat.
You feel sick. The orc priest misses you.
Casting: Static Discharge (safe; 1% risk of failure)
Confirm with . or Enter, or press ? or * to list all spells.
The orc priest is struck by an arc of lightning.
The orc priest is almost dead.
The orc is struck by an arc of lightning.
The orc is severely wounded.
The orc priest is struck by an arc of lightning.
You kill the orc priest!
The lightning grounds out.
The orc is struck by an arc of lightning.
You kill the orc!
The orc priest is struck by an arc of lightning.
The orc priest is heavily wounded.
The orc priest is struck by an arc of lightning.
The orc priest is moderately wounded.
The lightning grounds out.
You feel sick.
Your Dodging skill increases to level 4!
Your Conjurations skill increases to level 3!
Your Air Magic skill increases to level 4!
You feel sick. The orc priest closely misses you.
The orc priest hits you but does no damage.
Casting: Static Discharge (safe; 1% risk of failure)
Confirm with . or Enter, or press ? or * to list all spells.
The orc priest is struck by an arc of lightning.
The orc priest is almost dead.
You are struck by an arc of lightning.
The lightning grounds out.
You feel sick.
The orc priest hits you from afar with a +0 trident!
* * * LOW HITPOINT WARNING * * *
The orc priest calls down the wrath of Beogh upon you.
Pain shoots through your body!
You die...

... .. .. .##
.o. #o#### #
##### #o)..#
.# ##...#
#@##.##.# #.
##....#
#.......#
#...###....##
##.....##
.#..<#..##
#.#.#.#
#.........#
#.#.#.#
...#######.#
#.#.#.## .
#.....+##
#.#....#
#..###...##
#.###..#
##...##
#......#


You could see 2 orc priests and an orc.

Vanquished Creatures
  An orc priest (D:4)
  Robin (D:3)
  4 adders
  A worm (D:2)
  3 dart slugs
  8 orcs
  4 endoplasms
  3 giant cockroaches
  12 goblins
  10 hobgoblins
  9 jackals
  8 kobolds
  5 quokkas
  2 ball pythons
  7 bats
  13 frilled lizards
  9 rats
100 creatures vanquished.

Vanquished Creatures (others)
  4 plants (D:1)
4 creatures vanquished.

Grand Total: 104 creatures vanquished

Notes
Turn   | Place    | Note
-------+----------+-------------------------------------------
     0 | D:1      | Mesmaeker13 the Deep Elf Air Elementalist began the quest
                  | for the Orb.
     0 | D:1      | Reached XP level 1. HP: 10/10 MP: 6/6
   294 | D:1      | Reached XP level 2. HP: 15/15 MP: 6/8
   923 | D:1      | Reached XP level 3. HP: 19/19 MP: 6/10
  1292 | D:2      | Learned a level 2 spell: Static Discharge
  1731 | D:2      | Reached XP level 4. HP: 24/24 MP: 2/11
  2689 | D:3      | Found a faded altar of an unknown god.
  2745 | D:3      | Learned a level 3 spell: Swiftness
  2897 | D:3      | Identified the +0 leather armour of Vlad {*Corrode rN++
                  | Str+2 SInv}
  2983 | D:3      | Noticed Robin
  2995 | D:3      | Killed Robin
  3316 | D:3      | Reached XP level 5. HP: 28/28 MP: 6/13
  4070 | D:4      | Killed from afar by an orc priest

Illustrated notes

Levels and vault maps discovered:
D:1:      psy_arrival_spokes, layout_basic,
          nicolae_concentric_dashed_squares_mild, minmay_lizard_king
D:2:      minmay_door_path, layout_loops_corners, chequers_jeans
D:3:      minmay_wonky_spiral, layout_basic, nicolae_ecumenical_pavilion,
          uniq_robin
D:4:      layout_loops_corners, serial_demonic, serial_demonic_a,
          serial_demonic_c, serial_demonic_f, serial_demonic_e,
          hangedman_decor_slide_cut, minmay_joined_circles,
          uniq_crazy_yiuf_cottage

Skill      XL: |  1  2  3  4  5 |
---------------+----------------+-----
Dodging        | 3 4 |  4.0
Conjurations   | 2 3 |  3.1
Spellcasting   | 4 |  4.6
Air Magic      | 4 |  4.0
Stealth        | |  2.6

Action                     |  1- 3 |  4- 6 || total
---------------------------+-------+-------++-------
  Melee: Dagger            |       |     5 ||     5
   Cast: Shock             |    71 |   115 ||   186
         Static Discharge  |     5 |     6 ||    11
    Use: Scroll            |     1 |     2 ||     3
 Armour: Robe              |     2 |     3 ||     5
  Dodge: Dodged            |     9 |     7 ||    16
